 Dungeon Crawl Stone Soup version 0.30-a0-799-g109b55a442 (webtiles) character file.

Game seed: 8037001876405518044

909 arthad the Caller (level 7, -4/30 HPs)
             Began as a Felid Summoner on Feb 21, 2023.
             Slain by an orc priest
             ... wielding a +0 mace
              (9 damage)
             ... on level 6 of the Dungeon.
             The game lasted 00:21:39 (5036 turns).

arthad the Caller (Felid Summoner)                  Turns: 5036, Time: 00:21:39

Health: -4/30      AC:  2    Str:  4    XL:     7   Next: 81%
Magic:  11/14      EV: 19    Int: 19    God:
Gold:   322        SH:  0    Dex: 16    Spells: 6/15 levels left
                                        Lives:  0   Deaths: 2

rFire   . . .      SeeInvis +      - Unarmed
rCold   . . .      Faith    .    (shield unavailable)
rNeg    . . .      Spirit   .    (body armour unavailable)
rPois   .          Reflect  .    (helmet unavailable)
rElec   .          Harm     .    (cloak unavailable)
rCorr   .          Rampage  .    (gloves unavailable)
Will    +....                    (boots unavailable)
Stlth   ++                       (no amulet)
HPRegen 0.25/turn                (no ring)
MPRegen 0.14/turn                (no ring)

@: attractive, quick
A: very small, claws 1, fangs 3, see invisible, speed 1, shaggy fur 2, stealthy
paws, no weapons or thrown items, no armour, multi-lived
a: no special abilities


You were on level 6 of the Dungeon.
You visited 1 branch of the dungeon, and saw 6 of its levels.

You collected 322 gold pieces.

Inventory:

Hand Weapons
 q - the +6 sling "Gram" {freeze, rF++ Str+2}
   (You found it on level 2 of the Dungeon)

   Str:       It affects your strength (+2).
   rF:        It greatly protects you from fire.
Armour
 t - the +2 leather armour "Fanneon" {Str+2 SInv}
   (You found it on level 3 of the Dungeon)

   Str:       It affects your strength (+2).
   SInv:      It lets you see invisible.
Jewellery
 n - a ring of ice
Wands
 r - a wand of polymorph (11)
 v - a wand of roots (9)
Scrolls
 b - 8 scrolls of identify {unknown}
 e - 2 scrolls of immolation {unknown}
 h - 2 scrolls of vulnerability {unknown}
 i - a scroll of brand weapon {unknown}
 j - 2 scrolls of teleportation {unknown}
 m - a scroll of silence {unknown}
 o - a scroll of magic mapping {unknown}
 p - 2 scrolls of amnesia {unknown}
 u - a scroll of blinking {unknown}
 w - 2 scrolls of fog {unknown}
 y - 2 scrolls of noise {unknown}
 z - a scroll of fear {unknown}
 A - a scroll of poison {unknown}
 B - a scroll of enchant weapon {unknown}
 D - a scroll of torment {unknown}
Potions
 a - a potion of magic
 c - 3 potions of lignification
 f - a potion of haste {unknown}
 g - a potion of curing
 k - 2 potions of flight {unknown}
 l - 2 potions of might {unknown}
 s - 2 potions of berserk rage
 x - 3 potions of attraction
 C - a potion of heal wounds {unknown}


   Skills:
 + Level 2.8 Fighting
 + Level 4.9 Dodging
 - Level 2.6 Stealth
 + Level 2.8 Unarmed Combat
 * Level 4.5 Spellcasting
 - Level 5.0 Hexes
 * Level 7.5 Summonings
 * Level 2.8 Air Magic


You had 6 spell levels left.
You knew the following spells:

 Your Spells              Type           Power      Damage    Failure   Level
a - Summon Small Mammal   Summ           100%       N/A       1%          1
b - Call Imp              Summ           32%        N/A       1%          2
c - Call Canine Familiar  Summ           32%        N/A       1%          3
d - Summon Guardian Gole  Hex/Summ       28%        N/A       3%          3

Your spell library contained the following spells:

 Spells                   Type           Power      Damage    Failure   Level
 Confusing Touch          Hex            23%        N/A       4%          3
 Static Discharge         Conj/Air       18%        2-3/arc   11%         2
 Apportation              Tloc           8%         N/A       13%         1
 Kiss of Death            Conj/Necr      16%        2d6       13%         1
 Necrotise                Necr           16%        1d4       13%         1
 Summon Lightning Spire   Summ/Air       24%        N/A       16%         4
 Lesser Beckoning         Tloc           8%         N/A       21%         2
 Vhi's Electric Charge    Tloc/Air       18%        N/A       22%         3
 Gell's Gravitas          Tloc           4%         N/A       36%         3
 Teleport Other           Tloc           4%         N/A       36%         3
 Dispel Undead            Necr           4%         3d7       78%         4
 Arcjolt                  Conj/Air       4%         1d14      90%         5
 Lightning Bolt           Conj/Air       4%         1d16      90%         5


Dungeon Overview and Level Annotations

Branches:
Dungeon (6/15)
 Temple: D:4-7

Altars:
Dithmenos
Fedhas
Nemelex Xobeh
Trog


Innate Abilities, Weirdness & Mutations

You have sharp claws.
You have razor-sharp teeth.
You have supernaturally acute eyesight. (SInv)
You cover ground quickly. (Speed+)
You are covered in thick fur. (AC +2)
Your paws help you pounce on unaware monsters.
You are incapable of wielding weapons or throwing items.
You cannot wear armour.
You gain extra lives every three experience levels.


Message History

Beogh smites you!
* * * LOW HITPOINT WARNING * * *
The orc wizard hits your white imp but does no damage.
Your white imp hits the orc priest but does no damage.
It was a potion of attraction.
You feel attractive to monsters.
Your wolf barely misses the orc warrior.
The orc priest looks encouraged for a moment.
The orc priest completely misses you.
Your white imp closely misses the orc priest.
Your wolf misses the orc wizard. The orc priest is attracted toward you.
The orc wizard is attracted toward you.
It was a potion of curing.
You feel better.
Your wolf barely misses the orc wizard.
The orc priest miscasts a cantrip.
The orc warrior closely misses you.
The orc warrior hits your white imp with a +0 battleaxe.
Your white imp dies!
Your white imp disappears in a puff of smoke!
Okay, then.
Casting: Summon Guardian Golem (dangerous; 3% risk of failure)
Confirm with . or Enter, or press ? or * to list all spells.
Okay, then.
Unknown command.
Aiming: Fastroot
Press: ? - help, Shift-Dir - straight line, f - orc warrior
Aim: an orc warrior, wielding a +0 battleaxe and wearing a +0 chain mail
Okay, then.
As you read the scroll labelled DACKOA GOTIS, it crumbles to dust.
Wisps of shadow whirl around you...
It was a scroll of summoning.
Your wolf bites the orc priest!
The orc priest hits you with a +0 short sword.
* * * LOW HITPOINT WARNING * * *
The orc warrior closely misses you. The orc warrior misses your wolf.
The orc warrior hits your ice beast with a +0 battleaxe!
The orc wizard hits you with a +0 dagger.
* * * LOW HITPOINT WARNING * * *
The orc priest barely misses you.
Your wolf barely misses the orc priest.
The orc priest hits you with a +0 mace!
You die...

##.#..)....
##...)....## #
#.....)....# .# #
#.o.......##. #.o
##.###.....<.......
#..#...9hoY...##.#
#...#.oo..o.#....#
##......ooo.....##
##.#...o@.KK##.# #.
####..lKo..#..#....
####...###.........#
#.......##.K.>##....
................##....
.......##.............
.......##.##.<.....†..
.#..................#
.......####...........


You could see an orc warrior (ally target), 2 orc priests, 2 orc wizards, a
friendly guardian golem (summoned), a friendly ice beast (summoned, sheltered),
a friendly kobold brigand (summoned, sheltered), a friendly wolf (summoned,
sheltered), a friendly iguana (summoned, sheltered), a friendly orc priest
(summoned, sheltered), a friendly orc wizard (summoned, sheltered), 3 friendly
orcs and 3 friendly kobolds.

Vanquished Creatures
  A necrophage (D:4)
  An orc priest (D:3)
  3 orcs (D:4)
  A giant cockroach (D:1)
  2 hobgoblins
  2 quokkas (D:4)
10 creatures vanquished.

Vanquished Creatures (collateral kills)
  Grinder (D:6)
  Eustachio (D:4)
  A sky beast (D:6)
  An ogre (D:5)
  2 bullfrogs (D:6)
  2 scorpions (D:5)
  7 hounds
  Natasha (thrice) (D:4)
  2 iguanas (D:5)
  2 orc wizards
  Terence (D:3)
  2 gnolls (D:5)
  5 adders
  3 dart slugs
  15 orcs
  2 bats (D:2)
  4 endoplasms
  3 giant cockroaches
  2 goblins
  3 hobgoblins
  8 kobolds
  3 quokkas
  3 ball pythons
  A frilled lizard (D:3)
77 creatures vanquished.

Vanquished Creatures (others)
  A centaur (D:5)
  An orc wizard (D:4)
  A gnoll (D:5)
  A shadow imp (D:6)
  A dart slug (D:4)
5 creatures vanquished.

Grand Total: 92 creatures vanquished

Notes
Turn   | Place    | Note
-------+----------+-------------------------------------------
     0 | D:1      | arthad the Felid Summoner began the quest for the Orb.
     0 | D:1      | Reached XP level 1. HP: 7/7 MP: 4/4
   253 | D:1      | Reached XP level 2. HP: 11/11 MP: 3/6
   398 | D:1      | You fall into a shaft and drop 1 floor!
   636 | D:1      | Learned a level 2 spell: Call Imp
   889 | D:2      | Found a shadowy altar of Dithmenos.
  1319 | D:2      | Identified the +6 sling "Gram" {freeze, rF++ Str+2}
  1439 | D:3      | Reached skill level 5 in Summonings
  1439 | D:3      | Reached XP level 3. HP: 6/14 MP: 3/7
  1451 | D:3      | Learned a level 3 spell: Call Canine Familiar
  1518 | D:3      | Noticed Terence
  1526 | D:3      | Killed Terence
  1527 | D:3      | Reached XP level 4. HP: 18/18 MP: 0/8
  1816 | D:3      | Found a bloodstained altar of Trog.
  1832 | D:3      | Identified the +2 leather armour "Fanneon" {Str+2 SInv}
  1862 | D:3      | Reached skill level 6 in Summonings
  2071 | D:3      | Noticed an eye of devastation
  2074 | D:3      | Found a faded altar of an unknown god.
  2076 | D:3      | Noticed a floating eye
  2076 | D:3      | Noticed a shining eye
  2076 | D:3      | Noticed a golden eye
  2494 | D:3      | Reached skill level 1 in Hexes
  2739 | D:3      | Found a sparkling altar of Nemelex Xobeh.
  2764 | D:4      | Noticed a necrophage
  2776 | D:4      | Noticed Natasha
  2783 | D:4      | Killed a necrophage
  2784 | D:4      | Reached XP level 5. HP: 11/21 MP: 2/9
  2785 | D:4      | Noticed Eustachio
  2791 | D:4      | Killed from afar by a white imp
  2792 | D:4      | Reached XP level 4. HP: -6/18 MP: 3/8
  2907 | D:4      | Reached XP level 5. HP: 16/21 MP: 2/9
  3024 | D:3      | Learned a level 3 spell: Summon Guardian Golem
  3073 | D:4      | Killed Eustachio
  3074 | D:4      | Reached skill level 1 in Fighting
  3074 | D:4      | Reached skill level 1 in Unarmed Combat
  3074 | D:4      | Gained mutation: You are covered in thick fur. (AC +2)
                  | [Felid growth]
  3074 | D:4      | Reached XP level 6. HP: 25/25 MP: 3/11
  3297 | D:4      | Killed Natasha
  3419 | D:4      | Noticed Natasha
  3435 | D:4      | Killed Natasha
  3514 | D:4      | Found a blossoming altar of Fedhas.
  3569 | D:4      | Noticed Natasha
  3578 | D:4      | Killed Natasha
  3862 | D:5      | Entered Level 5 of the Dungeon
  4158 | D:5      | Reached XP level 7. HP: 29/29 MP: 9/13
  4406 | D:5      | Reached skill level 1 in Air Magic
  4491 | D:5      | Reached skill level 7 in Summonings
  4498 | D:5      | Reached skill level 5 in Hexes
  4840 | D:6      | Noticed Grinder
  4849 | D:6      | Reached XP level 8. HP: 27/34 MP: 5/15
  4859 | D:6      | Paralysed by Grinder for 3 turns
  4868 | D:6      | HP: 2/51 [Grinder (9)]
  4868 | D:6      | Slain by Grinder
  4869 | D:6      | Reached XP level 7. HP: -4/45 MP: 2/14
  4941 | D:6      | Paralysed by Grinder for 4 turns
  4946 | D:6      | Killed Grinder
  5036 | D:6      | Slain by an orc priest

Illustrated notes

Levels and vault maps discovered:
D:1:      eino_arrival_druids_welcome, layout_basic,
          nicolae_concentric_dashed_squares_mild
D:2:      layout_loops_ring, basic_altar
D:3:      layout_basic, marbit_many_paths, nicolae_overflow_crystal_walls,
          hellmonk_ecumenical_altar_watching_god, nicolae_titane, uniq_terence
D:4:      layout_rooms, mainiacjoe_overflow_paths,
          chequers_serial_rivers_small_a, kennysheep_windowed_goal,
          uniq_eustachio, uniq_natasha
D:5:      layout_cave_pools
D:6:      cheibrodos_steamvent, layout_cave_pools, uniq_grinder

Skill      XL: |  1  2  3  4  5  6  7 |
---------------+----------------------+-----
Summonings     | 5 6 7 |  7.5
Hexes          | 2 3 4 5 |  5.0
Dodging        | 3 4 |  4.9
Fighting       | 1 2 |  2.8
Unarmed Combat | 1 2 |  2.8
Spellcasting   | 3 4 |  4.5
Air Magic      | 2 |  2.8
Stealth        | |  2.6

Action                     |  1- 3 |  4- 6 |  7- 9 || total
---------------------------+-------+-------+-------++-------
  Melee: Unarmed           |    16 |    26 |     9 ||    51
         Bite              |     1 |     5 |       ||     6
   Cast: Summon Small Mamm |    34 |    26 |     4 ||    64
         Call Imp          |     8 |    17 |     7 ||    32
         Call Canine Famil |     1 |    20 |     9 ||    30
         Summon Guardian G |       |     7 |    11 ||    18
  Evoke: Wand              |       |     1 |     2 ||     3
    Use: Potion            |       |       |     4 ||     4
         Scroll            |       |       |     1 ||     1
   Stab: Confused          |       |     1 |       ||     1
 Armour: Skin              |       |     3 |     1 ||     4
  Dodge: Dodged            |    11 |    62 |    21 ||    94

Table legend: (Time is in decaauts)
 A = Elapsed time spent in this place.
 B = Non-inter-level travel time spent in this place.
 C = Inter-level travel time spent in this place.
 D = Time resting spent in this place.
 E = Time spent auto-exploring this place.
 F = Levels seen in this place.
 G = Mean time per level.
                   A        B        C        D        E       F      G
               +--------+--------+--------+--------+--------+-----+--------+
         Total |   4505 |   4404 |    101 |     56 |   3450 |   6 |  750.8 |
       Dungeon |   4505 |   4404 |    101 |     56 |   3450 |   6 |  750.8 |
               +--------+--------+--------+--------+--------+-----+--------+

Top non-repeatable levels by time:
     D:3: 1270 daAuts
     D:4: 973 daAuts
     D:5: 894 daAuts
     D:2: 590 daAuts
     D:1: 586 daAuts
     D:6: 188 daAuts
